stalin, chaotic female elven Wizard --------- ..--- ------.......-- .....---|.........--..| ------- -..|....|.---------|..| |>...(| --.|-....)---- ---- --....| --|.........| --...| ----.|....| -.+-.. -----..| -......- |..|.. .......-- --......-- ...{....| |........| -.......| ----....------- ..--.|------....--| --- |...-|..|..| --...|.--..|...|....| ---- | ..... |..--|.. ..| .. --....|........---...-- (((| |..- ....... .....-|---.-----..-|..........--.. -...-.(((| --- ...{... ---...............|...`...... - |...-- (((| ....... --+--.---------.........- .....| ---- ..... |.| --.......- |....|----- ..-- | + ---...--- |.GG--.)k.. --.h@..---- ------- stalin the Conjurer Experience level: 5 Strength: 10 Dexterity: 13 Constitution: 15 Intelligence: 17 Wisdom: 12 Charisma: 11 Health: 0(38) Energy: 27(67) AC: 9 Gold: 31 Moves: 969 Your Inventory: Coins $ - 31 gold pieces Weapons a - a blessed +1 quarterstaff (weapon in hands) q - an [uncursed +0] crossbow L - an [uncursed +0] crossbow bolt M - an [uncursed +0] dagger Armor b - an uncursed +0 cloak of magic resistance (being worn) z - an [uncursed +0] hooded cloak [dwarvish] A - an [uncursed +0] pair of hard shoes [iron] Comestibles p - an [uncursed] tripe ration r - an [uncursed] pancake t - 3 [uncursed] lembas wafers I - an [uncursed] food ration K - an [uncursed] tin [of floating eye meat] Scrolls i - an uncursed scroll of remove curse j - 2 uncursed scrolls of identify o - a [blessed] scroll labeled ELBIB YLOH [of enchant weapon] Spellbooks k - a blessed spellbook of force bolt l - an uncursed spellbook of remove curse Potions f - a blessed potion of confusion g - an uncursed potion of paralysis h - an uncursed potion of oil u - a [cursed] indigo potion [of hallucination] Rings d - an uncursed ring of warning e - an uncursed ring of free action y - an [uncursed] copper ring [of polymorph control] Wands c - an uncursed wand of light (0:12) s - an [uncursed] wand of striking [0:4] w - an [uncursed] wand of striking [0:6] H - an [uncursed] wand of magic missile [0:0] Tools m - an uncursed blindfold n - an uncursed bugle B - an [uncursed wax] candle C - 2 [uncursed] partly used [tallow] candles (lit) (0:64) F - an [uncursed +0] pick-axe Gems D - an [uncursed] orange gem [worthless glass] E - an [uncursed] white gem [worthless glass] G - 2 [uncursed] black gems [worthless glass] J - an [uncursed] yellowish brown gem [amber] Spells known in the end: Name Level Category Fail Memory a - force bolt 1 attack 0% [||||||||] b - remove curse 3 clerical 93% [||||||||] Your skills at the end: Fighting Skills Weapon Skills quarterstaff [Basic / Expert] Spellcasting Skills attack spells [Basic / Expert] enchantment spells [Basic / Skilled] Final Attributes: You were fervently aligned. Hunger level was 400. Your alignment was 13 / 14. Monster difficulty range was 1 - 5. Level difficulty was 6. You were immune to sleep. You were magic-protected. You saw invisible. You had infravision. You were lucky (1). Anhur was angry with you (1). You are dead. Vanquished creatures: 2 gnome lords a kitten 3 dwarves 2 dwarf zombies 14 gnomes 2 geckos a fox a grid bug a bat 2 newts 29 creatures vanquished. Voluntary challenges: You used a wielded weapon 5 times. You read items or engraved 78 times. You put on armor 1 time. You never genocided any monsters. You never polymorphed an object. You never changed form. You used no wishes. You wrote Elbereth's name 56 times. You never encountered a bones level. You never used any Sokoban shortcuts. Dungeon overview: The Dungeons of Doom: levels 1 to 3 Level 1 a long staircase Level 2 a fountain stairs to The Gnomish Mines Level 3 a fountain The Gnomish Mines: levels 3 to 7 Level 3 stairs to The Dungeons of Doom Level 6 <- You were here a tool shop, some fountains History has recorded: On T:1 you entered the Dungeons of Doom to retrieve the Amulet of Yendor! On T:213 you reached level 2 of The Dungeons of Doom. On T:296 you reached level 3 of The Dungeons of Doom. On T:354 you advanced to experience level 2. On T:518 you reached level 1 of The Gnomish Mines. On T:520 you advanced to experience level 3. On T:591 you advanced to experience level 4. On T:676 you reached level 2 of The Gnomish Mines. On T:697 you advanced to experience level 5. On T:729 you reached level 3 of The Gnomish Mines. On T:918 you reached level 5 of The Gnomish Mines. Latest messages: You feel that Anhur is displeased. [3 turns] [HP+1=7] [HP+1=8] Your candles are getting short. [HP+1=9] The dungeon acoustics noticeably change. The kobold throws a dart! You are almost hit by a dart. You see here a dart. The kobold throws a dart! You are hit by a dart. [HP-2=7] [HP+1=8] The dwarf thrusts her dagger. The dwarf hits! [HP-7=1] You miss the dwarf. (2x) You hear crashing rock. The dwarf thrusts her dagger. The dwarf hits! You die... Final status: Goodbye stalin the Wizard... You died in The Gnomish Mines on dungeon level 6 with 710 points, and 31 pieces of gold, after 969 moves. You were level 5 with a maximum of 38 hit points when you died.